 Dungeon Crawl Stone Soup version 0.28-a0-476-g0f06bd746f (webtiles) character file.

Game seed: 7989547165771484578

373 frimble the Stinger (level 6, -7/36 HPs)
             Began as an Octopode Venom Mage on Sept 17, 2021.
             Mangled by an orc (8 damage)
             ... while paralysed by Grinder
             ... on level 4 of the Dungeon.
             The game lasted 00:04:47 (3813 turns).

frimble the Stinger (Octopode Venom Mage)           Turns: 3813, Time: 00:04:48

Health: -7/36      AC:  1    Str:  7    XL:     6   Next: 71%
Magic:  3/3        EV:  2    Int: 20    God:
Gold:   163        SH:  0    Dex: 12    Spells: 5/10 levels left

rFire   . . .      SeeInvis .   o - +3 dagger (antimagic)
rCold   . . .      Faith    .   (no shield)
rNeg    . . .      Spirit   .   (helmet restricted)
rPois   .          Reflect  .   (no amulet)
rElec   .          Harm     .   c - ring of wizardry
rCorr   .          Rampage  .   (no ring)
Will    .....                   (no ring)
Stlth   ++++......              (no ring)
HPRegen 0.12/turn               (no ring)
MPRegen 0.08/turn               (no ring)
                                (no ring)
                                (no ring)

@: paralysed
A: almost no armour, amphibious, 8 rings, camouflage 1, gelatinous body 1,
(nimble swimmer 1), tentacles
a: no special abilities


You were on level 4 of the Dungeon.
You visited 1 branch of the dungeon, and saw 5 of its levels.

You collected 163 gold pieces.

Inventory:

Hand Weapons
 b - a +0 dagger of flaming
 e - a +2 dagger of venom
 o - a +3 antimagic dagger (weapon)
Missiles
 d - 6 curare-tipped darts
 k - 10 javelins
Jewellery
 c - a ring of wizardry (left tentacle)
 n - a ring of magical power
Scrolls
 h - 2 scrolls of silence
 l - a scroll of magic mapping
Potions
 a - 4 potions of curing
 f - 2 potions of flight {unknown}
 g - a potion of attraction
 j - a potion of lignification {unknown}


   Skills:
 + Level 2.6 Short Blades
 + Level 2.6 Throwing
 - Level 2.0 Dodging
 + Level 5.3 Stealth
 + Level 2.8 Spellcasting
 - Level 1.0 Transmutations
 + Level 5.3 Poison Magic


You had 5 spell levels left.
You knew the following spells:

 Your Spells              Type           Power      Damage    Failure   Level
a - Sting                 Tmut/Pois      60%        1d6       1%          1
b - Olgreb's Toxic Radia  Pois           24%        N/A       6%          4

Your spell library contained the following spells:

 Spells                   Type           Power      Damage    Failure   Level
 Poisonous Vapours        Pois/Air       26%        N/A       3%          2
 Magic Dart               Conj           8%         1d3       6%          1
 Searing Ray              Conj           4%         2d4       9%          2
 Mephitic Cloud           Conj/Pois/Air  9%         N/A       9%          3
 Ozocubu's Armour         Ice            2%         N/A       17%         3
 Fulminant Prism          Conj/Hex       1%         3d6       47%         4
 Ozocubu's Refrigeration  Ice            1%         4d5       100%        7


Dungeon Overview and Level Annotations

Branches:
Dungeon (5/15)             Temple (0/1) D:4

Altars:
Trog

Annotations:
D:4 Grinder
D:5 Menkaure


Innate Abilities, Weirdness & Mutations

You cannot wear most types of armour.
You are amphibious.
You can wear up to eight rings at the same time.
Your skin changes colour to match your surroundings (Stealth+).
Your rubbery body absorbs attacks. (AC +1, EV +1)
((You are camouflaged near water. (Stealth+)))
You have tentacles for arms and can constrict up to eight enemies at once.


Message History

Done exploring.
Done exploring.
There is a stone staircase leading down here.
You climb downwards.
Level annotation: Grinder, Menkaure The water moccasin skeleton bites you!
The orc closely misses you. The water moccasin skeleton bites you.
An orc comes into view. It is wielding a +0 falchion.
The orc misses you.
Menkaure calls on the powers of darkness!
The orc convulses! x3; Your body is wracked with pain!
The orc convulses! x2
There is a stone staircase leading up here.
The water moccasin skeleton barely misses you.
Grinder barely misses you. The orc hits you with a +0 war axe!
* * * LOW HITPOINT WARNING * * *
You climb upwards.
There is a stone staircase leading down here.
You feel much better. Grinder gestures at you. Pain shoots through your body!
The orc completely misses you.
As you read the scroll labelled TOEHOK WIFAIL, it crumbles to dust.
It is a scroll of enchant weapon.
Your +2 antimagic dagger glows red for a moment.
Grinder gestures at you. You resist with significant effort.
The orc hits you with a +0 war axe.
Your +2 dagger of venom stops dripping with poison.
You feel magic leave you.
o - a +3 antimagic dagger (weapon)
Grinder gestures at you.
You suddenly lose the ability to move!
The orc hits you with a +0 war axe. Grinder hits you.
You writhe in agony.
* * * LOW HITPOINT WARNING * * *
The orc hits you with a +0 war axe.
* * * LOW HITPOINT WARNING * * *
Grinder hits you.
* * * LOW HITPOINT WARNING * * *
You writhe in agony.
* * * LOW HITPOINT WARNING * * *
The orc hits you with a +0 war axe!
You die...

#....##.##.## #.#.###.#.#.#
######........###.
#.<........#.## ##
###.####...#.#..###.
####......#...#.#)#.#.. #####
#.........#.......##.#. #..[#
#.#..#o##.#..##[######.
###.#.####.#..#@5......#.# #.
#...#..(......#..........# ##.
#.########.##.#.##.###.### #..
#.# #.##......###.#### #.. #.#
#................# #.. #.#
#######......#.##.# #..
#.#######.(..†#.........<.####..
#....).##.....#........##.......
#......##............#..........


You could see Grinder and an orc.

Vanquished Creatures
  An ogre (D:4)
  A scorpion (D:4)
  A jelly (D:3)
  An orc wizard (D:4)
  A hound skeleton (D:4)
  8 adders
  A worm (D:3)
  3 dart slugs
  2 orcs
  2 bats (D:1)
  8 endoplasms
  4 giant cockroaches
  16 goblins
  5 hobgoblins
  5 kobolds
  5 quokkas
  5 ball pythons
  5 frilled lizards
  10 rats
84 creatures vanquished.

Notes
Turn   | Place    | Note
-------+----------+-------------------------------------------
     0 | D:1      | frimble the Octopode Venom Mage began the quest for the
                  | Orb.
     0 | D:1      | Reached XP level 1. HP: 11/11 MP: 3/3
   123 | D:1      | Found a faded altar of an unknown god.
   130 | D:1      | Reached XP level 2. HP: 17/17 MP: 5/5
   614 | D:1      | Reached XP level 3. HP: 15/21 MP: 6/6
  1175 | D:2      | Reached skill level 1 in Short Blades
  1311 | D:2      | Reached skill level 1 in Throwing
  1533 | D:2      | Reached XP level 4. HP: 27/27 MP: 7/7
  2114 | D:3      | Learned a level 4 spell: Olgreb's Toxic Radiance
  2358 | D:3      | Reached XP level 5. HP: 28/31 MP: 8/8
  2949 | D:4      | Reached skill level 5 in Poison Magic
  2963 | D:4      | Noticed an ogre
  2981 | D:4      | Killed an ogre
  2982 | D:4      | Reached skill level 5 in Stealth
  2982 | D:4      | Reached XP level 6. HP: 36/36 MP: 3/9
  3110 | D:4      | Found a staircase to the Ecumenical Temple.
  3543 | D:4      | Found a bloodstained altar of Trog.
  3615 | D:5      | Entered Level 5 of the Dungeon
  3615 | D:5      | Noticed Grinder
  3621 | D:5      | Noticed Menkaure
  3810 | D:4      | Paralysed by Grinder for 7 turns
  3812 | D:4      | HP: 1/36 [Grinder (3)]
  3813 | D:4      | Mangled by an orc

Illustrated notes

Levels and vault maps discovered:
D:1:      dpeg_arrival_round_c, layout_basic,
          shapermc_ecumenical_altar_starsandcircs
D:2:      layout_rooms, minmay_3d_cube
D:3:      layout_basic, dk_noncrumbling_4
D:4:      layout_loops_cross, trog_antimagical,
          minmay_temple_entry_statues_pillars
D:5:      layout_cave_pools, gammafunk_ghost_cemetery, uniq_grinder,
          uniq_menkaure, uniq_pikel

Skill      XL: |  1  2  3  4  5 |
---------------+----------------+-----
Stealth        | 3 4 5 |  5.3
Poison Magic   | 4 5 |  5.3
Short Blades   | 1 2 |  2.6
Throwing       | 1 2 |  2.6
Dodging        | |  2.0
Spellcasting   | |  2.8
Transmutations | |  1.0

Action                   |  1- 3 |  4- 6 || total
-------------------------+-------+-------++-------
Melee: Unarmed           |     2 |       ||     2
       Dagger            |    60 |    59 ||   119
       Tentacles         |     3 |     9 ||    12
       Constrict         |     9 |    14 ||    23
 Cast: Sting             |    11 |     5 ||    16
       Olgreb's Toxic Ra |       |     3 ||     3
  Use: Scroll            |     3 |     6 ||     9
       Potion            |       |     1 ||     1
 Stab: Sleeping          |    15 |    22 ||    37
Armor: Skin              |     3 |     2 ||     5
Dodge: Dodged            |    26 |    25 ||    51

Table legend: (Time is in decaauts)
 A = Elapsed time spent in this place.
 B = Non-inter-level travel time spent in this place.
 C = Inter-level travel time spent in this place.
 D = Time resting spent in this place.
 E = Time spent auto-exploring this place.
 F = Levels seen in this place.
 G = Mean time per level.
                   A        B        C        D        E       F      G
               +--------+--------+--------+--------+--------+-----+--------+
         Total |   3805 |   3678 |    127 |      0 |   3070 |   5 |  761.0 |
       Dungeon |   3805 |   3678 |    127 |      0 |   3070 |   5 |  761.0 |
               +--------+--------+--------+--------+--------+-----+--------+

Top non-repeatable levels by time:
     D:1: 1195 daAuts
     D:4: 1102 daAuts
     D:2: 908 daAuts
     D:3: 589 daAuts
     D:5: 9 daAuts
